 Dungeon Crawl Stone Soup version 0.19.1-1-g22dce08 (webtiles) character file.

363 HessuHobo the Conjurer (level 6, -1/33 HPs)
             Began as a Deep Elf Conjurer on Dec 28, 2016.
             Killed from afar by an orc wizard (9 damage)
             ... with a magic dart
             ... on level 3 of the Dungeon.
             The game lasted 00:08:03 (4493 turns).

HessuHobo the Conjurer (Deep Elf Conjurer)          Turns: 4493, Time: 00:08:03

Health: -1/33      AC:  2    Str:  7    XL:     6   Next: 39%
Magic:  3/12       EV: 13    Int: 20    God:
Gold:   89         SH:  0    Dex: 15    Spells: 3 memorised, 3 levels left

rFire  . . .     SeeInvis .     f - +0 short sword
rCold  . . .     Gourm    .     a - +0 robe
rNeg   . . .     Faith    .     (no shield)
rPois  .         Spirit   .     (no helmet)
rElec  .         Reflect  .     (no cloak)
rCorr  .         Harm     .     (no gloves)
MR     .....                    (no boots)
Stlth  +++.......               (no amulet)
                                (no ring)
                                h - ring of stealth

@: no status effects
A: no striking features
a: no special abilities


You were on level 3 of the Dungeon.
You were not hungry.

You visited 1 branch of the dungeon, and saw 3 of its levels.

You collected 89 gold pieces.

Inventory:

Hand Weapons
 f - a +0 short sword (weapon)
Armour
 a - a +0 robe (worn)
Jewellery
 h - a ring of stealth (left hand)
Wands
 n - a wand of teleportation (4/9)
Scrolls
 e - 2 scrolls of remove curse
 g - 2 scrolls of fog
 p - a scroll of identify
 r - a scroll of noise {unknown}
 s - a scroll of random uselessness
Potions
 i - a potion of heal wounds {unknown}
 j - a potion of mutation {unknown}
 k - a potion of curing
 l - a potion of agility {unknown}
 m - 2 potions of flight {unknown}
Books
 b - a book of Conjurations

   Spells                             Type                      Level
   a - Magic Dart                     Conjuration                  1
   b - Searing Ray                    Conjuration                  2
   c - Dazzling Spray                 Conjuration/Hexes            3
   d - Fulminant Prism                Conjuration/Hexes            4
   e - Iskenderun's Mystic Blast      Conjuration                  4
   f - Iskenderun's Battlesphere      Conjuration/Charms           5
 q - a book of Maledictions

   Spells                             Type                      Level
   a - Corona                         Hexes                        1
   b - Ensorcelled Hibernation        Hexes/Ice                    2
   c - Confuse                        Hexes                        3
   d - Tukima's Dance                 Hexes                        3
   e - Dazzling Spray                 Conjuration/Hexes            3
Comestibles
 c - 4 bread rations
 d - 4 fruits
 o - 2 meat rations


   Skills:
 - Level 0.4 Fighting
 - Level 0.4 Short Blades
 - Level 2.4 Dodging
 - Level 2.4 Stealth
 - Level 0.2 Unarmed Combat
 - Level 3.0 Spellcasting
 - Level 7.8 Conjurations
 * Level 3.3 Charms


You had 3 spell levels left.
You knew the following spells:

 Your Spells              Type           Power        Failure   Level  Hunger
a - Magic Dart            Conj           ####         1%          1    None
b - Searing Ray           Conj           ####..       1%          2    ##.....
c - Iskenderun's Battles  Conj/Chrm      ####....     45%         5    ######.


Dungeon Overview and Level Annotations

Branches:
Dungeon (3/15)

Altars:
Sif Muna


Message History

Casting: Magic Dart
Confirm with . or Enter, or press ? or * to list all spells.
Aiming: Magic Dart
Press: ? - help, Shift-Dir - straight line, f/p - orc wizard
Aim: an orc wizard, wielding a dagger and wearing a robe The magic dart hits the orc wizard.
You hear some strange, mumbled words.
A puff of flame appears from out of thin air!
The puff of flame hits you! The orc wizard hits you with a dagger.
* * * LOW HITPOINT WARNING * * *
The orc wizard hits you but does no damage.
The orc wizard casts a spell.
The orc wizard seems to speed up.
You hear some strange, mumbled words.
A puff of frost appears from out of thin air!
The puff of frost hits you!
* * * LOW HITPOINT WARNING * * *
A magic dart appears from out of thin air!
The magic dart hits you!
You die...

#.###.#.#...#***#,*###...##.
#.# #.#.#,..# #.##.#......
#.###.#.##+#####*....#....##
#.#........#...,,.........##
#.#.#.#.####.########.##).##
#...........o...............
#.#.......#####.##..##.#.###
##.#<.#.....####{##..#....)..
#.......##..@....#...#..#..##
#....##.###.##############.#
#.##.##.....# #.##
#.*#.######## #..# #.,...,,*
##.# *,*.##*,* #.. *,#.* *,*
##. ****,***,* #. *,,,,,,,,*
###############


There were no monsters in sight!

Vanquished Creatures
  A centaur (D:3)
  An orc wizard (D:3)
  Jessica (D:2)
  Natasha (thrice) (D:2)
  A worker ant (D:3)
  4 adders
  3 worms
  2 dart slugs (D:1)
  2 leopard geckos
  9 orcs (D:3)
  7 bats
  4 giant cockroaches
  4 goblins
  6 hobgoblins
  5 jackals (D:1)
  10 kobolds
  2 quokkas
  5 frilled lizards
  8 rats
78 creatures vanquished.

Notes
Turn   | Place    | Note
-------+----------+-------------------------------------------
     0 | D:1      | HessuHobo the Deep Elf Conjurer began the quest for the Orb.
     0 | D:1      | Reached XP level 1. HP: 10/10 MP: 6/6
   175 | D:1      | Reached XP level 2. HP: 1/15 MP: 0/8
   441 | D:1      | Learned a level 2 spell: Searing Ray
   644 | D:1      | Reached skill level 5 in Conjurations
  1442 | D:1      | Reached XP level 3. HP: 19/19 MP: 5/9
  1515 | D:2      | Noticed Jessica
  1523 | D:2      | Killed Jessica
  1580 | D:2      | Reached skill level 6 in Conjurations
  1905 | D:2      | Reached XP level 4. HP: 24/24 MP: 5/10
  2018 | D:2      | Noticed Natasha
  2024 | D:2      | Killed Natasha
  2601 | D:2      | Noticed Natasha
  2608 | D:2      | Killed Natasha
  2608 | D:2      | Reached skill level 7 in Conjurations
  2608 | D:2      | Reached XP level 5. HP: 28/28 MP: 2/11
  2692 | D:2      | Noticed Natasha
  2697 | D:2      | Killed Natasha
  3190 | D:3      | Noticed a centaur
  3196 | D:3      | Killed a centaur
  3196 | D:3      | Reached XP level 6. HP: 3/33 MP: 5/12
  3466 | D:3      | Learned a level 5 spell: Iskenderun's Battlesphere
  3533 | D:3      | Reached skill level 1 in Charms
  4356 | D:3      | Found a deep blue altar of Sif Muna.
  4493 | D:3      | Killed from afar by an orc wizard

Skill      XL: |  1  2  3  4  5  6 |
---------------+-------------------+-----
Conjurations   | 5 6 7 |  7.8
Charms         | 3 |  3.3
Fighting       | |  0.4
Short Blades   | |  0.4
Dodging        | |  2.4
Stealth        | |  2.4
Unarmed Combat | |  0.2
Spellcasting   | |  3.0

Action                   |  1- 3 |  4- 6 || total
-------------------------+-------+-------++-------
Melee: Unarmed           |     3 |       ||     3
       Short sword       |       |     5 ||     5
 Cast: Magic Dart        |    65 |   108 ||   173
       Searing Ray       |     2 |    15 ||    17
  Use: Scroll            |       |     6 ||     6
       Potion            |       |     1 ||     1
  Eat: Chunk             |     3 |     7 ||    10
       Beef jerky        |       |     1 ||     1
Armor: Robe              |     2 |     1 ||     3
Dodge: Dodged            |     7 |    13 ||    20
